 Dungeon Crawl Stone Soup version 0.17-a0-1923-gc35365e (webtiles) character file.

51 graki42 the Magician (level 3, 16/19 HPs)
             Began as a Deep Elf Wizard on Sept 28, 2015.
             Quit the game on level 2 of the Dungeon.
             The game lasted 00:04:27 (1052 turns).

graki42 the Magician (Deep Elf Wizard)              Turns: 1052, Time: 00:04:28

Health: 16/19      AC:  5    Str:  5    XL:     3   Next: 57%
Magic:  5/12       EV: 11    Int: 22    God:
Gold:   44         SH:  5    Dex: 13    Spells: 1 memorised, 12 levels left

rFire  . . .     SeeInvis .     f - +2 short sword (drain)
rCold  . . .     Clarity  .     o - +0 leather armour (curse)
rNeg   . . .     SustAt   .     g - +2 buckler
rPois  +         Gourm    .     p - +1 helmet
rElec  .         Spirit   .     (no cloak)
rCorr  .         Warding  .     (no gloves)
rMut   .         Stasis   .     (no boots)
MR     .....                    (no amulet)
Stlth  ++........               (no ring)
                                e - ring of poison resistance

@: not resistant to hostile enchantments, unstealthy
A: no striking features
a: no special abilities


You were on level 2 of the Dungeon.
You were not hungry.

You visited 1 branch of the dungeon, and saw 2 of its levels.

You collected 44 gold pieces.

Inventory:

Hand weapons
 f - a +2 short sword of draining (weapon)
Missiles
 a - a throwing net (quivered)
Armour
 b - a +0 hat
 g - a +2 buckler (worn)
 o - a cursed +0 leather armour (worn)
 p - a +1 helmet (worn)
Jewellery
 e - a ring of poison resistance (left hand)
Scrolls
 h - 2 scrolls of blinking {unknown}
 j - 2 scrolls of identify {unknown}
Potions
 i - a potion of haste {unknown}
 m - a potion of ambrosia {unknown}
 n - a potion of flight {unknown}
 q - a potion of might {unknown}
 r - a potion of curing {unknown}
Books
 c - a book of Minor Magic

   Spells                             Type                      Level
   a - Magic Dart                     Conjuration                  1
   b - Blink                          Translocation                2
   c - Call Imp                       Summoning                    2
   d - Repel Missiles                 Charms/Air                   2
   e - Slow                           Hexes                        2
   f - Conjure Flame                  Conjuration/Fire             3
   g - Mephitic Cloud                 Conjuration/Poison/Air       3
Comestibles
 d - 3 bread rations
 k - 3 fruits
 l - a meat ration


   Skills:
 + Level 0.1 Fighting
 + Level 3.0 Dodging
 + Level 2.7 Stealth
 + Level 5.7 Spellcasting
 + Level 1.4 Conjurations
   Level 1.1 Summonings
   Level 1.1 Translocations


You had 12 spell levels left.
You knew the following spells:

 Your Spells              Type           Power        Failure   Level  Hunger
a - Magic Dart            Conj           ##..         17%         1    None


Dungeon Overview and Level Annotations

Branches:
Dungeon (2/15)

Altars:


Message History

Casting: Magic Dart
Confirm with . or Enter, or press ? or * to list all spells.
Aiming: Magic Dart
Press: ? - help, Shift-Dir - straight line, f/p - adder
Aim: an adder (severely wounded)
The magic dart hits the adder.
The adder is almost dead.
The adder bites you.
Casting: Magic Dart
Confirm with . or Enter, or press ? or * to list all spells.
Aiming: Magic Dart
Press: ? - help, Shift-Dir - straight line, f/p - adder
Aim: an adder (almost dead)
The magic dart hits the adder.
You kill the adder!
Your Dodging skill increases to level 3!
q - a ruby potion
r - an emerald potion A giant gecko and a worm come into view.
Are you sure you want to abandon this character and quit the game? (Confirm with "yes".)

##.....## ##....#
# ##.#.# .#
###.###.###
##........
#.........
...#####...###...
...........## ..
...#####.@..#
#.#..# #.#.....
#.......#
#.##...... #..
...... #.. ...w.#
..# l...##


You could see a worm (sleeping) and a giant gecko (sleeping).

Vanquished Creatures
  Robin (D:2)
  An adder (D:2)
  An ooze (D:1)
  A giant gecko (D:1)
  8 hobgoblins
  A bat (D:1)
  A giant newt (D:2)
  9 goblins
  A kobold (D:1)
24 creatures vanquished.

Notes
Turn   | Place    | Note
--------------------------------------------------------------
     0 | D:1      | graki42 the Deep Elf Wizard began the quest for the Orb.
     0 | D:1      | Reached XP level 1. HP: 10/10 MP: 7/7
   461 | D:1      | Reached skill level 5 in Spellcasting
   461 | D:1      | Reached XP level 2. HP: 15/15 MP: 0/10
   951 | D:2      | Noticed Robin
   961 | D:2      | Killed Robin
   961 | D:2      | Reached XP level 3. HP: 13/19 MP: 0/12
  1052 | D:2      | Quit the game

Vault maps used:
D:1:      roderic_crossed_star
D:2:      minmay_kobold_bridge, nemelex_xobeh_ov_fountains_minmay, uniq_natasha,
          uniq_robin

Action                   || total
-------------------------++-------
Melee: Short sword       ||    17
 Cast: Magic Dart        ||    42
